Map: Abyssal Reef LE

Players

mOOKASHADE

  • Race: Zerg Zerg
  • League: Grandmaster
  • Spawn Location: 11:00

Jettorix - Winner!

  • Race: Protoss Protoss
  • League: Grandmaster
  • Spawn Location: 5:00

VOD

Have the link to the VOD?

Description

Time

  • Played on: Nov. 24, 2017, 5:34 p.m.
  • Length: 11:47
Show
View Real Time Build Order
Export as new Build Order

mOOKASHADE Zerg 

Build Orders: Hatch First 

Get SALT Encoding   

  12  0:01  Drone  
  13  0:12  Overlord  
  13  0:18  Drone  
  14  0:31  Drone x2  
  14  0:35  Drone  
  17  0:56  Drone  
  18  0:58  Hatchery  
  18  0:59  Drone  
  18  1:03  Extractor  
  17  1:15  Spawning Pool  
  17  1:17  Drone  
  17  1:23  Drone  
  18  1:43  Overlord, Drone  
  19  2:08  Queen  
  19  2:09  Metabolic Boost  
  19  2:12  Queen  
  23  2:17  Zergling x2, Drone x2  
  23  2:22  Drone x2  
  28  2:34  Drone  
  28  2:35  Drone  
  30  2:42  Zergling x2  
  31  2:50  Hatchery  
  30  2:59  Spore Crawler  
  28  3:08  Drone x5  
  34  3:13  Overlord  
  34  3:18  Pneumatized Carapace  
  34  3:26  Overlord, Drone x2  
  36  3:31  Drone x2  
  38  3:36  Spore Crawler  
  38  3:38  Spore Crawler  
  35  3:46  Zergling x6  
  35  3:47  Zergling x2  
  39  3:50  Drone x2  
  39  3:59  Drone x2  
  39  4:00  Drone  
  41  4:08  Queen  
  43  4:14  Drone x2  
  45  4:21  Evolution Chamber  
  45  4:23  Drone x3  
  45  4:24  Drone x2  
  49  4:34  Spore Crawler  
  49  4:35  Drone  
  49  4:36  Drone x4  
  53  4:41  Overlord  
  52  4:55  Drone x7  
  52  4:59  Zerg Melee Weapons Level 1  
  57  5:01  Drone x2  
  57  5:02  Lair  
  59  5:11  Overlord x2  
  59  5:23  Extractor x2  
  57  5:31  Drone x11  
  57  5:35  Hatchery  
  67  5:36  Overlord  
  66  5:44  Extractor, Baneling Nest  
  64  5:55  Drone x4  
  68  6:03  Drone, Hydralisk Den  
  68  6:04  Overlord x2  
  68  6:12  Zergling x10  
  68  6:13  Zergling x2  
  74  6:21  Spore Crawler  
  74  6:24  Spore Crawler  
  72  6:26  Spore Crawler, Drone x9  
  72  6:29  Queen  
  72  6:30  Queen  
  72  6:31  Queen  
  72  6:32  Extractor  
  85  6:33  Muscular Augments  
  85  6:36  Extractor  
  84  6:40  Spore Crawler  
  84  6:45  Spore Crawler  
  84  6:46  Spine Crawler  
  81  6:48  Spine Crawler  
  81  6:49  Drone x3  
  81  6:52  Centrifical Hooks  
  83  6:54  Zergling x6  
  83  6:55  Zergling x2  
  83  6:56  Zergling x2  
  88  7:05  Queen  
  88  7:07  Baneling  
  88  7:08  Baneling x4  
  90  7:14  Zerg Melee Weapons Level 2  
  90  7:19  Overlord x3  
  90  7:35  Spire  
  90  7:36  Overlord x2  
  89  7:37  Overlord x2, Queen x2  
  89  7:38  Drone x3  
  89  7:39  Drone x3  
  89  7:40  Drone  
  100  7:48  Drone x3  
  103  8:28  Baneling  
  103  8:29  Hatchery  
  102  8:42  Overlord x2, Infestation Pit  
  102  8:48  Corruptor x5  
  101  8:49  Corruptor x4  
  119  8:56  Drone  
  119  8:57  Hydralisk x3, Zergling x8  
  119  9:00  Spore Crawler, Hatchery  
  119  9:01  Spore Crawler  
  127  9:04  Hydralisk  
  129  9:18  Spore Crawler  
  129  9:19  Spore Crawler  
  129  9:21  Zerg Flyer Weapons Level 1  
  129  9:24  Infestation Pit  
  126  9:31  Hydralisk x6  
  125  9:32  Hydralisk x6  
  125  9:38  Hive  
  149  9:40  Overlord x2  
  149  9:42  Zergling x10  
  149  9:43  Zergling x2  
  153  9:53  Zergling x2  
  153  9:54  Zergling x4  
  101  10:14  Hydralisk x4  
  101  10:15  Hydralisk x7  
  101  10:21  Hydralisk x2  
  112  10:23  Zergling x6  
  112  10:25  Zergling x2  
  114  10:31  Zergling x4  
  69  11:00  Ultralisk Cavern  
  38  11:14  Zergling x8  
  38  11:15  Zergling x14  
  38  11:16  Zergling x2  
  49  11:22  Hatchery  
  49  11:24  Zergling x2  
Show
View Real Time Build Order
Export as new Build Order

Jettorix Protoss - Winner!

Build Orders: 1 Gate Expand, Oracle Opening 

Get SALT Encoding   

  12  0:02  Probe  
  14  0:14  Probe  
  14  0:18  Pylon  
  14  0:26  Probe (Chrono Boost)  
  15  0:38  Probe (Chrono Boost)  
  15  0:39  Gateway  
  16  0:47  Probe (Chrono Boost)  
  16  0:49  Assimilator  
  17  0:52  Probe  
  18  1:04  Probe (Chrono Boost)  
  19  1:16  Probe (Chrono Boost)  
  20  1:26  Nexus  
  20  1:37  Cybernetics Core  
  20  1:40  Probe  
  20  1:46  Assimilator  
  21  1:52  Probe  
  22  1:56  Pylon  
  22  2:04  Probe  
  23  2:16  Probe  
  23  2:17  Stargate, Adept (Chrono Boost)  
  26  2:28  Probe (Chrono Boost)  
  27  2:32  Warp Gate  
  27  2:34  Adept  
  29  2:39  Probe (Chrono Boost)  
  31  2:50  Probe x2 (Chrono Boost)  
  32  2:52  Probe  
  32  2:53  Probe  
  34  3:05  Oracle (Chrono Boost), Probe  
  33  3:08  Probe  
  33  3:11  Gateway  
  37  3:18  Gateway  
  37  3:20  Probe x2  
  39  3:28  Shield Battery  
  39  3:32  Probe  
  39  3:33  Assimilator, Probe  
  41  3:40  Oracle (Chrono Boost)  
  44  3:42  Assimilator  
  44  3:45  Probe  
  45  3:49  Pylon, Probe  
  46  4:07  Probe x2  
  50  4:19  Probe x2, Phoenix (Chrono Boost)  
  50  4:22  Pylon  
  52  4:27  Stargate  
  52  4:31  Probe x2  
  52  4:38  Pylon  
  54  4:43  Probe  
  54  4:44  Probe  
  56  4:47  Nexus  
  56  4:48  Adept  
  57  4:57  Oracle  
  60  5:00  Adept x2  
  60  5:02  Probe  
  60  5:03  Probe  
  66  5:12  Oracle  
  69  5:14  Probe  
  69  5:17  Pylon  
  69  5:20  Pylon  
  70  5:30  Pylon  
  70  5:31  Twilight Council  
  70  5:32  Forge  
  70  5:35  Probe x2  
  72  5:44  Oracle  
  72  5:47  Probe x2  
  72  5:48  Oracle  
  80  5:50  Protoss Ground Weapons Level 1  
  80  5:51  Assimilator  
  80  5:56  Assimilator  
  80  5:59  Probe (Chrono Boost)  
  83  6:07  Forge  
  83  6:08  Blink (Chrono Boost)  
  83  6:09  Probe x2 (Chrono Boost)  
  84  6:11  Probe x2 (Chrono Boost)  
  84  6:12  Probe  
  84  6:16  Probe  
  87  6:20  Oracle  
  87  6:23  Probe  
  87  6:24  Probe  
  87  6:25  Pylon  
  92  6:28  Probe  
  92  6:29  Oracle  
  96  6:33  Protoss Ground Armor Level 1 (Chrono Boost)  
  96  6:35  Probe  
  96  6:36  Probe  
  96  6:38  Pylon  
  98  6:40  Probe  
  98  6:41  Gateway  
  98  6:42  Gateway  
  99  6:47  Probe  
  99  6:48  Gateway, Probe  
  99  6:52  Gateway  
  101  6:55  Gateway  
  101  6:58  Gateway  
  101  7:00  Probe  
  102  7:07  Oracle x2  
  108  7:12  Pylon  
  108  7:33  Nexus  
  108  7:37  Pylon  
  108  7:38  Stalker x3  
  114  7:49  Stalker x2  
  114  7:50  Stalker x2  
  122  7:53  Protoss Ground Weapons Level 2 (Chrono Boost)  
  122  8:01  Stalker x4  
  122  8:04  Shield Battery  
  130  8:05  Shield Battery  
  130  8:07  Photon Cannon  
  130  8:11  Stalker  
  132  8:19  Stalker x4  
  140  8:24  Probe  
  141  8:27  Pylon  
  141  8:28  Pylon  
  141  8:30  Protoss Ground Armor Level 2 (Chrono Boost)  
  141  8:39  Pylon  
  141  8:41  Pylon  
  141  8:43  Pylon  
  141  8:45  Probe x3  
  141  8:47  Probe  
  145  8:52  Stalker x5  
  155  8:57  Probe  
  155  9:01  Stalker x3  
  162  9:03  Probe x2  
  164  9:10  Templar Archives  
  161  9:20  Stalker x5  
  161  9:23  Stalker  
  173  9:31  Stalker  
  173  9:33  Stalker x2  
  163  10:17  Stalker x4  
  163  10:18  Stalker x5  
  162  10:31  Probe x2  
  162  10:33  Oracle x2  
  166  10:51  Stalker x8  
  166  10:52  Stalker, Probe  
  166  10:54  Assimilator, Probe  
  184  10:57  Assimilator  
  184  11:05  Probe x2  
  184  11:06  Probe x2  
  188  11:12  Pylon  
  188  11:13  Pylon  
  188  11:15  Stalker x4  
  188  11:17  Nexus  
  196  11:19  Pylon  
  196  11:20  Pylon  
  196  11:23  Gateway  
  196  11:24  Gateway  
  196  11:27  Gateway  
  196  11:30  Gateway  
  196  11:32  Gateway  
Tags
 
Add a new tag
Caveats
  • Supply blocks, unpowered buildings, or Contaminate may cause inaccurate times.
  • Supply counts are checked every 10 seconds.